 Dungeon Crawl Stone Soup version 0.29.0-4-gdea44cf6ec (webtiles) character file.

Game seed: 17486243725143560868

759 qw the Cleaver (level 7, 0/41 HPs)
             Began as a Tengu Warper on Aug 28, 2022.
             Slain by Duvessa
             ... wielding a +0 rapier
              (6 damage)
             ... on level 5 of the Dungeon.
             The game lasted 00:00:39 (5938 turns).

qw the Cleaver (Tengu Warper)                       Turns: 5938, Time: 00:00:39

Health: 0/41       AC: 14    Str: 13    XL:     7   Next: 80%
Magic:  11/11      EV:  7    Int: 14    God:
Gold:   214        SH:  0    Dex: 13    Spells: 10/10 levels left

rFire   + . .      SeeInvis .   k - +0 war axe
rCold   . . .      Faith    .   (no shield)
rNeg    + . .      Spirit   .   f - +2 chain mail {rF+}
rPois   .          Reflect  .   (helmet restricted)
rElec   .          Harm     .   (no cloak)
rCorr   .          Rampage  .   e - +2 pair of gloves
Will    .....                   (boots unavailable)
Stlth   ..........              (no amulet)
HPRegen 0.13/turn               h - ring of positive energy
MPRegen 0.12/turn               (no ring)

@: flying quickly and evasively, quick
A: beak, talons 3, nimble flight
a: no special abilities


You were on level 5 of the Dungeon.
You visited 1 branch of the dungeon, and saw 5 of its levels.
You also visited: Ossuary.

You collected 242 gold pieces.
You spent 28 gold pieces at shops.


Innate Abilities, Weirdness & Mutations

You have a beak for a mouth.
You have claws for feet.
Your magical nature lets you fly swiftly and evasively.


   Skills:
 - Level 3.0 Fighting
 + Level 8.3 Axes
 - Level 1.0 Throwing
 - Level 3.7 Armour
 - Level 2.1 Dodging
 - Level 2.0 Spellcasting
 - Level 2.4 Translocations


You had 10 spell levels left.
You didn't know any spells.
Your spell library contained the following spells:

 Spells                   Type           Power      Damage    Failure   Level
 Blink                    Tloc           16%        N/A       98%         2
 Gell's Gravitas          Tloc           8%         N/A       100%        3
 Lesser Beckoning         Tloc           8%         N/A       100%        3
 Teleport Other           Tloc           8%         N/A       100%        3
 Manifold Assault         Tloc           8%         N/A       100%        5

Inventory:

Hand Weapons
 b - a +0 flail
 k - a +0 war axe (weapon)
Missiles
 m - 2 boomerangs (quivered)
Armour
 e - a +2 pair of gloves (worn)
 f - a +2 chain mail of fire resistance (worn)
 g - a +1 chain mail of cold resistance
Jewellery
 h - a ring of positive energy (left hand)
Scrolls
 c - 3 scrolls of identify
Potions
 a - a potion of cancellation
 d - a potion of resistance
 i - a potion of curing
 j - 2 potions of haste
 l - a potion of lignification {unknown}
 o - a potion of might
 p - 2 potions of mutation

Dungeon Overview and Level Annotations

Branches:
Dungeon (5/15)            Ossuary (visited)
 Temple: D:4-7

Altars:
Gozag
Uskayaw
Xom

Shops:
D:2 ?

Annotations:
D:5 Duvessa


Message History

You hit Duvessa but do no damage. Your peck misses Duvessa.
Duvessa is heavily wounded.
Duvessa hits you but does no damage.
You barely miss Duvessa.
Duvessa is heavily wounded.
Duvessa hits you with a +0 rapier.
You closely miss Duvessa.
Duvessa is heavily wounded.
Duvessa hits you with a +0 rapier.
You hit Duvessa but do no damage.
Duvessa is heavily wounded.
Duvessa completely misses you.
You barely miss Duvessa. You peck Duvessa, but do no damage.
Duvessa is heavily wounded.
Duvessa hits you with a +0 rapier.
You hit Duvessa but do no damage.
Duvessa is heavily wounded.
Duvessa hits you with a +0 rapier.
You completely miss Duvessa. You claw Duvessa, but do no damage.
You peck Duvessa, but do no damage.
Duvessa is heavily wounded.
Duvessa barely misses you. Duvessa hits you with a +0 rapier.
You hit Duvessa but do no damage. Your kick misses Duvessa.
Duvessa is heavily wounded.
Duvessa hits you with a +0 rapier.
You hit Duvessa but do no damage. You claw Duvessa, but do no damage.
You peck Duvessa, but do no damage.
Duvessa is heavily wounded.
Duvessa hits you with a +0 rapier.
You hit Duvessa. Your kick misses Duvessa.
Duvessa is heavily wounded.
Duvessa hits you but does no damage.
You hit Duvessa but do no damage. You claw Duvessa, but do no damage.
You peck Duvessa.
Duvessa is heavily wounded.
Duvessa hits you with a +0 rapier.
You hit Duvessa. Your kick misses Duvessa. You peck Duvessa, but do no damage.
Duvessa is severely wounded.
Duvessa hits you with a +0 rapier.
You die...

##+#### #######.#
#.....###########.#
#.................#
#.....#############
#.....# #.....#
#.....# #.....#
#....@#
######e......
s...... .......
....... ....... ##
....... .. .......
## ..


You could see Duvessa and a scorpion.

Vanquished Creatures
  Edmund (D:5)
  A phantom (D:5)
  A scorpion (D:5)
  A jelly (D:5)
  A hound (D:4)
  An orc priest (D:5)
  Jessica (D:2)
  An iguana (D:4)
  Ijyb (D:5)
  3 orc wizards
  5 mummies (Ossuary)
  Robin (D:3)
  6 adders
  An ufetubus (D:4)
  3 dart slugs
  18 orcs
  7 endoplasms
  3 giant cockroaches
  2 gnoll zombies (Ossuary)
  12 goblins
  13 hobgoblins
  8 jackals
  5 kobolds
  5 quokkas
  7 ball pythons
  10 bats
  A hobgoblin zombie (Ossuary)
  4 kobold zombies (Ossuary)
  An orc zombie (Ossuary)
  5 rats
129 creatures vanquished.

Notes
Turn   | Place    | Note
-------+----------+-------------------------------------------
     0 | D:1      | qw the Tengu Warper began the quest for the Orb.
     0 | D:1      | Reached XP level 1. HP: 12/12 MP: 4/4
     0 | D:1      | 0 ||| qw: Version: 0.1-a-89-g26bdef1
     0 | D:1      | 0 ||| qw: Game counter: 632
     0 | D:1      | 0 ||| qw: Always use a shield: true
     0 | D:1      | 0 ||| qw: God list: Okawaru
     0 | D:1      | 0 ||| qw: Allow faded altars: false
     0 | D:1      | 0 ||| qw: Do Orc after D:15 true
     0 | D:1      | 0 ||| qw: Do second Lair branch before Depths: true
     0 | D:1      | 0 ||| qw: Lair rune preference: random
     0 | D:1      | 0 ||| qw: Plans: Normal
     0 | D:1      | 0 ||| PLANNING D:1-11
   213 | D:1      | Reached XP level 2. HP: 17/17 MP: 6/6
   219 | D:1      | 219 ||| Stepping ~*~*~tactically~*~*~ (stealth).
   222 | D:1      | Reached skill level 3 in Axes
   486 | D:1      | 486 ||| Stepping ~*~*~tactically~*~*~ (stealth).
   487 | D:1      | 487 ||| Stepping ~*~*~tactically~*~*~ (stealth).
   488 | D:1      | 488 ||| Stepping ~*~*~tactically~*~*~ (stealth).
   608 | D:1      | Reached XP level 3. HP: 21/21 MP: 7/7
   775 | D:1      | 775 ||| Stepping ~*~*~tactically~*~*~ (stealth).
   843 | D:1      | 843 ||| UPGRADING to +0 pair of gloves.
   848 | D:1      | 848 ||| READING scroll labelled DAZUKKI KAIWO.
   849 | D:1      | 849 ||| READING scroll labelled LET UT ASUEPA.
   850 | D:1      | 850 ||| READING scroll labelled MAFOICZOUD.
   851 | D:1      | 851 ||| READING scroll labelled DAHA BETEQO.
   852 | D:1      | 852 ||| DROPPING scroll of blinking.
   915 | D:2      | Reached skill level 4 in Axes
   970 | D:2      | Found Koplinic's Magic Scroll Shop.
   979 | D:2      | 979 ||| BUYING scroll of identify (28 gold).
   979 | D:2      | Bought a scroll of identify for 28 gold pieces
   979 | D:2      | 979 ||| SHOPLISTING scroll of identify (28 gold, have 21).
   979 | D:2      | 979 ||| SHOPLISTING scroll of teleportation (42 gold, have
                  | 21).
   979 | D:2      | Noticed Jessica
   982 | D:2      | Killed Jessica
   983 | D:2      | Reached XP level 4. HP: 17/26 MP: 8/8
  1146 | D:2      | 1146 ||| Stepping ~*~*~tactically~*~*~ (stealth).
  1152 | D:2      | 1152 ||| Stepping ~*~*~tactically~*~*~ (stealth).
  1154 | D:2      | 1154 ||| Stepping ~*~*~tactically~*~*~ (stealth).
  1250 | D:2      | 1250 ||| DROPPING +0 club.
  1254 | D:2      | 1254 ||| Stepping ~*~*~tactically~*~*~ (stealth).
  1295 | D:2      | 1295 ||| Stepping ~*~*~tactically~*~*~ (stealth).
  1297 | D:2      | 1297 ||| Stepping ~*~*~tactically~*~*~ (stealth).
  1299 | D:2      | 1299 ||| Stepping ~*~*~tactically~*~*~ (stealth).
  1300 | D:2      | 1300 ||| Stepping ~*~*~tactically~*~*~ (stealth).
  1318 | D:2      | 1318 ||| Stepping ~*~*~tactically~*~*~ (stealth).
  1364 | D:2      | Found a faded altar of an unknown god.
  1458 | D:2      | Reached skill level 5 in Axes
  1559 | D:2      | 1559 ||| Stepping ~*~*~tactically~*~*~ (stealth).
  1560 | D:2      | 1560 ||| Stepping ~*~*~tactically~*~*~ (stealth).
  2162 | D:2      | 2162 ||| Stepping ~*~*~tactically~*~*~ (stealth).
  2163 | D:2      | 2163 ||| Stepping ~*~*~tactically~*~*~ (stealth).
  2286 | D:2      | 2286 ||| UPGRADING to +2 chain mail of fire resistance.
  2296 | D:2      | 2296 ||| DROPPING +0 leather armour.
  2297 | D:2      | 2297 ||| DROPPING amulet of faith.
  2298 | D:2      | 2298 ||| UPGRADING to ring of positive energy.
  2299 | D:2      | 2299 ||| READING 3 scrolls labelled YROUNL UDORPHO.
  2300 | D:2      | 2300 ||| READING 2 scrolls labelled YFA WILAUCE.
  2301 | D:2      | 2301 ||| READING 3 scrolls of identify.
  2301 | D:2      | 2301 ||| IDENTIFYING fizzy golden potion
  2302 | D:2      | 2302 ||| DROPPING 2 scrolls of noise.
  2303 | D:2      | 2303 ||| DROPPING scroll of magic mapping.
  2304 | D:2      | 2304 ||| DROPPING potion of invisibility.
  2343 | D:3      | Noticed Robin
  2344 | D:3      | 2344 ||| Stepping ~*~*~tactically~*~*~ (stealth).
  2347 | D:3      | Gained mutation: Your magical nature lets you fly swiftly
                  | and evasively. [Tengu growth]
  2347 | D:3      | Reached XP level 5. HP: 30/30 MP: 9/9
  2369 | D:3      | Killed Robin
  2971 | D:3      | Found an opulent altar of Gozag.
  3121 | D:3      | 3121 ||| DRINKING 2 sapphire potions.
  3122 | D:3      | 3122 ||| DRINKING 2 fuming grey potions.
  3123 | D:3      | 3123 ||| READING 3 scrolls of identify.
  3123 | D:3      | 3123 ||| IDENTIFYING fizzy cyan potion
  3124 | D:3      | 3124 ||| DROPPING potion of attraction.
  3172 | D:4      | 3172 ||| PLANNING OSSUARY
  3205 | D:4      | Found a sand-covered staircase.
  3230 | Ossuary  | Entered an ossuary
  3252 | Ossuary  | HP: 5/30 [mummy (13)]
  3254 | Ossuary  | Reached skill level 6 in Axes
  3506 | Ossuary  | 3506 ||| READING 2 scrolls of enchant armour.
  3506 | Ossuary  | 3506 ||| ENCHANTING +0 pair of gloves.
  3507 | Ossuary  | 3507 ||| READING scroll of enchant armour.
  3507 | Ossuary  | 3507 ||| ENCHANTING +1 pair of gloves.
  3563 | Ossuary  | Reached XP level 6. HP: 13/35 MP: 10/10
  4052 | Ossuary  | 4052 ||| READING scroll labelled GUMOHU XASCH.
  4053 | Ossuary  | 4053 ||| READING scroll labelled RAORAL BEVIEGH.
  4174 | Ossuary  | 4174 ||| DRINKING 2 coppery potions.
  4279 | Ossuary  | 4279 ||| READING 5 scrolls of identify.
  4279 | Ossuary  | 4279 ||| IDENTIFYING lumpy coppery potion
  4280 | Ossuary  | 4280 ||| READING 4 scrolls of identify.
  4280 | Ossuary  | 4280 ||| IDENTIFYING fizzy orange potion
  4281 | Ossuary  | 4281 ||| READING 3 scrolls of identify.
  4281 | Ossuary  | 4281 ||| IDENTIFYING fuming pink potion
  4282 | Ossuary  | 4282 ||| DROPPING potion of berserk rage.
  4297 | D:4      | 4297 ||| PLANNING D:1-11
  4379 | D:4      | Found a blossoming altar of Fedhas.
  4381 | D:4      | Found an iron altar of Okawaru.
  4381 | D:4      | Found an iron altar of Okawaru.
  4383 | D:4      | Found a hide-covered altar of Uskayaw.
  4383 | D:4      | Found a shimmering altar of Xom.
  4383 | D:4      | Found a shimmering altar of Xom.
  4478 | D:4      | 4478 ||| Stepping ~*~*~tactically~*~*~ (stealth).
  4501 | D:4      | 4501 ||| Stepping ~*~*~tactically~*~*~ (stealth).
  4508 | D:4      | 4508 ||| DRINKING 2 potions of curing.
  4508 | D:4      | 4508 ||| (to cure confusion)
  4538 | D:4      | Reached skill level 7 in Axes
  4633 | D:4      | 4633 ||| SWAPPING to +2 hand axe of freezing.
  4634 | D:4      | 4634 ||| DROPPING +1 hand axe.
  5117 | D:4      | 5117 ||| READING scroll labelled CEUZOLI JIDAXZI.
  5121 | D:4      | 5121 ||| READING scroll labelled RUVYTILLEUMP.
  5122 | D:4      | 5122 ||| READING 3 scrolls of identify.
  5122 | D:4      | 5122 ||| IDENTIFYING orange potion
  5123 | D:4      | 5123 ||| DROPPING potion of flight.
  5126 | D:5      | Entered Level 5 of the Dungeon
  5127 | D:5      | 5127 ||| Stepping ~*~*~tactically~*~*~ (hiding).
  5130 | D:5      | 5130 ||| Stepping ~*~*~tactically~*~*~ (hiding).
  5138 | D:5      | Reached skill level 3 in Fighting
  5204 | D:5      | 5204 ||| SWAPPING to +0 war axe.
  5205 | D:5      | 5205 ||| DROPPING +2 hand axe of freezing.
  5235 | D:5      | 5235 ||| DROPPING +0 whip.
  5257 | D:5      | Noticed Ijyb
  5274 | D:5      | Killed Ijyb
  5308 | D:5      | Reached XP level 7. HP: 36/41 MP: 11/11
  5382 | D:5      | 5382 ||| FLEEEEING.
  5383 | D:5      | 5383 ||| FLEEEEING.
  5486 | D:5      | Reached skill level 8 in Axes
  5490 | D:5      | 5490 ||| Stepping ~*~*~tactically~*~*~ (stealth).
  5500 | D:5      | 5500 ||| Stepping ~*~*~tactically~*~*~ (stealth).
  5511 | D:5      | 5511 ||| Stepping ~*~*~tactically~*~*~ (stealth).
  5668 | D:5      | Noticed Edmund
  5669 | D:5      | 5669 ||| Stepping ~*~*~tactically~*~*~ (stealth).
  5681 | D:5      | 5681 ||| Stepping ~*~*~tactically~*~*~ (stealth).
  5697 | D:5      | HP: 10/41 [Edmund/+0 vorpal flail (2)]
  5698 | D:5      | 5698 ||| DRINKING potion of heal wounds.
  5706 | D:5      | Killed Edmund
  5707 | D:5      | Reached skill level 3 in Armour
  5918 | D:5      | Noticed Duvessa
  5935 | D:5      | HP: 10/41 [Duvessa/+0 rapier (6)]
  5938 | D:5      | Slain by Duvessa

Levels and vault maps discovered:
D:1:      dpeg_arrival_boxes_within_box, layout_basic, serial_forest,
          infiniplex_forest_clump_double, infiniplex_forest_lined_3,
          infiniplex_forest_straight_1, infiniplex_forest_straight_5,
          infiniplex_forest_end_double
D:2:      layout_basic, hellmonk_ecumenical_altar_slurped_away, serial_shops,
          shop_scrolls, minmay_tetromino_t2, uniq_jessica
D:3:      layout_basic, grunt_gozag_breadcrumbs, chequers_serial_rivers_micro_a,
          minmay_ruptured, uniq_robin
D:4:      layout_gridville, doesnt_xom_only_xom,
          nicolae_ossuary_entry_false_entrances
D:5:      layout_basic, demons_altar, minmay_temple_entry_butterflies,
          kennysheep_generic_room_11, uniq_ijyb, uniq_duvessa, uniq_edmund

Skill      XL: |  1  2  3  4  5  6  7 |
---------------+----------------------+-----
Axes           | 3 4 5 6 7 8 |  8.3
Armour         | 2 3 |  3.7
Fighting       | 3 |  3.0
Throwing       | |  1.0
Dodging        | |  2.1
Spellcasting   | |  2.0
Translocations | |  2.4

Action                   |  1- 3 |  4- 6 |  7- 9 || total
-------------------------+-------+-------+-------++-------
Melee: Hand axe          |    54 |   220 |       ||   274
       Kick              |    16 |    66 |    19 ||   101
       Peck              |     5 |    39 |    21 ||    65
       Punch             |     1 |     1 |     1 ||     3
       War axe           |       |    22 |    77 ||    99
Throw: Boomerang         |     7 |    49 |     3 ||    59
  Use: Scroll            |     4 |    14 |       ||    18
       Potion            |       |     4 |     1 ||     5
Armor: Leather armour    |    22 |    17 |       ||    39
       Chain mail        |       |    74 |    35 ||   109
Dodge: Dodged            |    44 |    92 |    21 ||   157

Table legend:
 A = Non-vault XP
 B = Vault XP
 C = Vault XP percentage of total XP
 D = Non-vault monster count
 E = Vault monster count
 F = Vault count percentage of total count
                 A         B        C        D         E       F
            +---------+---------+-------+---------+---------+-------
      Total |     702 |     383 |  35.3 |      95 |      34 |  26.4
            +---------+---------+-------+---------+---------+-------
        D:1 |      40 |       0 |   0.0 |      22 |       0 |   0.0
        D:2 |      68 |      53 |  43.8 |      24 |       4 |  14.3
        D:3 |      46 |      42 |  47.7 |      12 |      15 |  55.6
        D:4 |     164 |       0 |   0.0 |      17 |       0 |   0.0
        D:5 |     384 |     189 |  33.0 |      20 |       2 |   9.1
    Ossuary |       0 |      99 | 100.0 |       0 |      13 | 100.0
            +---------+---------+-------+---------+---------+-------
